 Dungeon Crawl Stone Soup version 0.24-a0-549-g45f0056d81 (webtiles) character file.

Game seed: 5769410599504800381

1148 Jannitor the Ducker (level 8, 0/42 HPs)
             Began as a Spriggan Abyssal Knight on Aug 19, 2019.
             Was a Priest of Lugonu.
             Slain by a phantom (4 damage)
             ... on level 5 of the Dungeon.
             The game lasted 00:07:46 (3629 turns).

Jannitor the Ducker (Spriggan Abyssal Knight)       Turns: 3629, Time: 00:07:46

Health: 0/42       AC:  3    Str: 13      XL:     8   Next: 15%
Magic:  12/12      EV: 21    Int: 15      God:    Lugonu [***...]
Gold:   181        SH:  0    Dex: 14 (16) Spells: 6/11 levels left

rFire    . . .     SeeInvis +   k - +4 dagger (drain)
rCold    . . .     Gourm    .   (shield restricted)
rNeg     + . .     Faith    .   F - +0 robe {rN+}
rPois    .         Spirit   .   (helmet restricted)
rElec    .         Reflect  .   j - +0 cloak
rCorr    .         Harm     .   (gloves unavailable)
MR       ++...                  (boots unavailable)
Stlth    ++++......             (no amulet)
HPRegen  0.14/turn              u - ring of stealth
MPRegen  0.13/turn              x - ring of protection from magic

@: mighty, very quick
A: very small, unfitting armour, see invisible, herbivore, speed 3, slow
metabolism 2
a: Depart the Abyss, Bend Space, Banish, Renounce Religion


You were on level 5 of the Dungeon.
You worshipped Lugonu.
Lugonu was most pleased with you.
You were hungry.

You visited 1 branch of the dungeon, and saw 5 of its levels.
You visited the Abyss 1 time.

You collected 181 gold pieces.

Inventory:

Hand Weapons
 a - a +1 short sword
 k - a +4 dagger of draining (weapon)
 m - a +2 antimagic dagger
Armour
 b - a +0 robe
 j - a +0 cloak (worn)
 F - a +0 robe of positive energy (worn)
Jewellery
 u - a ring of stealth (left hand)
 x - a ring of protection from magic (right hand)
 y - an uncursed ring of magical power {unknown}
Wands
 e - a wand of digging (3)
 A - a wand of flame (19)
Scrolls
 d - a scroll of fog
 g - 3 scrolls of teleportation {unknown}
 i - a scroll of amnesia {unknown}
 l - 7 scrolls of identify
 n - a scroll of blinking {unknown}
 o - a scroll of enchant weapon {unknown}
 p - a scroll of magic mapping {unknown}
 q - a scroll of remove curse {unknown}
 s - 2 scrolls of random uselessness {unknown}
 w - a scroll of immolation {unknown}
Potions
 f - a potion of degeneration
 t - a potion of haste {unknown}
 z - a potion of lignification
 B - 2 potions of magic {unknown}
 C - a potion of resistance
 E - a potion of berserk rage {unknown}
Miscellaneous
 h - a lamp of fire (inert)
Comestibles
 c - 9 rations


   Skills:
 + Level 4.5 Fighting
 + Level 5.0 Short Blades
 + Level 6.9 Dodging
 + Level 4.0 Stealth
 + Level 2.4 Spellcasting
 + Level 0.4 Conjurations
 + Level 1.1 Hexes
 + Level 2.9 Air Magic
 - Level 3.4 Invocations


You had 6 spell levels left.
You knew the following spells:

 Your Spells              Type           Power        Failure   Level  Hunger
a - Shock                 Conj/Air       #...         11%         1    #......
b - Cause Fear            Hex            #.........   80%         4    #####..

Your spell library contained the following spells:

 Spells                   Type           Power        Failure   Level  Hunger
 Swiftness                Chrm/Air       #.......     17%         2    ###....
 Static Discharge         Conj/Air       #.......     32%         3    ###....
 Airstrike                Air            ##........   54%         4    #####..
 Silence                  Hex/Air        #.........   95%         5    ######.
 Lightning Bolt           Conj/Air       #.........   96%         5    ######.
 Yara's Violent Unravell  Hex/Tmut       #.........   99%         5    ######.
 Deflect Missiles         Chrm/Air       #.........   100%        6    #######
 Discord                  Hex            #.........   100%        8    #######


Dungeon Overview and Level Annotations

Branches:
Dungeon (5/15)
 Temple: D:4-7

Altars:
Uskayaw
Yredelemnul
The Shining One

Annotations:
D:5 Edmund


Innate Abilities, Weirdness & Mutations

You are very small and have problems with some larger weapons.
You are too small for most types of armour.
You have supernaturally acute eyesight. (SInv)
You are a herbivore.
You cover ground extremely quickly.
You need to consume almost no food.


Message History

You closely miss the phantom.
The phantom is severely damaged.
The orc wizard casts a spell.
The orc wizard blinks!
The phantom blinks!
You puncture the phantom!
The phantom is almost destroyed.
Edmund misses you.
You hit the phantom.
The phantom is almost destroyed.
The phantom misses you.
You miss the phantom.
The phantom is almost destroyed.
Edmund hits you with a +2 dire flail of crushing!
The phantom barely misses you.
You are too injured to fight recklessly!
The orc priest calls down the wrath of Beogh upon you.
Beogh smites you!
* * * LOW HITPOINT WARNING * * *
The phantom hits you.
You die...

#...)###@.....†
##....##..#...#
##......§#...# ####
####...........# ...
................. ###
#.###.###.....#@...#
#...##.....###.o.........
.........W...<.....#....#
.......<@.@)...#.###.....
......#........#.# ##..##
......##.###.....####..##
..... ...# #####.........
......#### #..###..#.
..!.. ##.# #..## ....
#.)...#>. #...o.....
#....o...#.#


You could see Edmund, a phantom and an orc priest.

Vanquished Creatures
  Eustachio (D:5)
  2 golden eyes (Abyss:3)
  A scorpion (D:4)
  4 wights (D:4)
  3 orc priests (D:4)
  A jelly (D:4)
  An iguana (D:5)
  7 orc wizards
  2 worker ants
  A howler monkey zombie (D:5)
  A gnoll (D:1)
  2 adders
  An ooze (D:3)
  A worm (D:2)
  6 dart slugs
  14 orcs
  7 bats
  5 goblins
  8 hobgoblins
  2 jackals (D:3)
  2 quokkas
  A ball python (D:1)
  4 frilled lizards
  10 kobolds
  A quokka zombie (D:5)
  11 rats
99 creatures vanquished.

Notes
Turn   | Place    | Note
-------+----------+-------------------------------------------
     0 | Abyss:1  | Jannitor the Spriggan Abyssal Knight began the quest for
                  | the Orb.
     0 | Abyss:1  | Reached XP level 1. HP: 11/11 MP: 3/3
    36 | Abyss:1  | Noticed a small abomination
    43 | Abyss:1  | Noticed a bone dragon
    47 | Abyss:1  | Noticed an iron imp
    63 | Abyss:3  | Found a corrupted altar of Lugonu.
   124 | Abyss:3  | Noticed a golden eye
   126 | Abyss:3  | Noticed a golden eye
   127 | Abyss:3  | Killed a golden eye
   127 | Abyss:3  | Reached skill level 4 in Dodging
   127 | Abyss:3  | Reached XP level 2. HP: 16/16 MP: 5/5
   127 | Abyss:3  | Reached XP level 3. HP: 20/20 MP: 6/6
   127 | Abyss:3  | Reached XP level 4. HP: 24/24 MP: 7/7
   129 | Abyss:3  | Killed a golden eye
   129 | Abyss:3  | Reached skill level 5 in Dodging
   129 | Abyss:3  | Reached XP level 5. HP: 28/28 MP: 8/8
   129 | Abyss:3  | Reached XP level 6. HP: 32/32 MP: 9/9
   130 | D:1      | Escaped the Abyss
   140 | D:1      | Learned a level 1 spell: Shock
   561 | D:1      | Reached ** piety under Lugonu
   935 | D:2      | Reached skill level 1 in Air Magic
  1019 | D:2      | Found a glowing golden altar of the Shining One.
  1121 | D:2      | Found a hide-covered altar of Uskayaw.
  1733 | D:3      | Found a basalt altar of Yredelemnul.
  1953 | D:4      | Reached *** piety under Lugonu
  2013 | D:4      | Reached skill level 1 in Stealth
  2156 | D:4      | Reached XP level 7. HP: 37/37 MP: 10/10
  2277 | D:4      | Reached skill level 6 in Dodging
  2793 | D:4      | Reached skill level 1 in Spellcasting
  3047 | D:5      | Entered Level 5 of the Dungeon
  3384 | D:5      | Noticed Eustachio
  3385 | D:5      | Noticed Edmund
  3419 | D:4      | Learned a level 4 spell: Cause Fear
  3600 | D:5      | Reached XP level 8. HP: 40/42 MP: 12/12
  3609 | D:5      | Killed Eustachio
  3609 | D:5      | Reached skill level 5 in Short Blades
  3609 | D:5      | Reached skill level 1 in Hexes
  3629 | D:5      | Slain by a phantom

Levels and vault maps discovered:
D:1:      dpeg_arrival_rooms_with_view, layout_rooms, grunt_decor_fettered,
          minivault_11, minmay_pentomino_p2
D:2:      layout_loops_ring, lemuel_crystal_altar, overflow_temple_1_default,
          first_ration
D:3:      layout_rooms, yredelemnul_altar_generic
D:4:      layout_rooms
D:5:      layout_rooms, uniq_edmund, uniq_eustachio

Skill      XL: |  1  2  3  4  5  6  7  8 |
---------------+-------------------------+-----
Fighting       | 3 4 |  4.5
Short Blades   | 3 4 5 |  5.0
Dodging        | 4 5 6 |  6.9
Invocations    | 2 3 |  3.4
Air Magic      | 2 |  2.9
Stealth        | 1 3 4 |  4.0
Spellcasting   | 2 |  2.4
Hexes          | 1 |  1.1
Conjurations   | |  0.4

Action                   |  1- 3 |  4- 6 |  7- 9 || total
-------------------------+-------+-------+-------++-------
Melee: Dagger            |       |   130 |    98 ||   228
       Short sword       |       |    23 |       ||    23
 Cast: Shock             |       |     7 |    15 ||    22
       Cause Fear        |       |       |     1 ||     1
Evoke: Lamp of fire      |     1 |       |     1 ||     2
  Use: Scroll            |     1 |       |       ||     1
       Potion            |       |     4 |     5 ||     9
 Stab: Sleeping          |       |    13 |     4 ||    17
  Eat: Ration            |       |       |     1 ||     1
Armor: Robe              |       |    13 |    13 ||    26
       Skin              |       |     6 |       ||     6
Dodge: Dodged            |       |    90 |   138 ||   228

Table legend:
 A = Non-vault XP
 B = Vault XP
 C = Vault XP percentage of total XP
 D = Non-vault monster count
 E = Vault monster count
 F = Vault count percentage of total count
                 A         B        C        D         E       F
            +---------+---------+-------+---------+---------+-------
      Total |    1432 |     209 |  12.7 |      94 |       5 |   5.1
            +---------+---------+-------+---------+---------+-------
        D:1 |      45 |       6 |  11.8 |      19 |       4 |  17.4
        D:2 |      49 |       0 |   0.0 |      22 |       0 |   0.0
        D:3 |      80 |       0 |   0.0 |      18 |       0 |   0.0
        D:4 |     698 |       0 |   0.0 |      24 |       0 |   0.0
        D:5 |     180 |     203 |  53.0 |       9 |       1 |  10.0
    Abyss:3 |     380 |       0 |   0.0 |       2 |       0 |   0.0
            +---------+---------+-------+---------+---------+-------
